 Dungeon Crawl Stone Soup version 0.22-a0-406-g9ff8d77 (webtiles) character file.

3112 Serpenta the Covert (level 9, -2/62 HPs)
             Began as a Vampire Chaos Knight on May 8, 2018.
             Killed by divine providence
             ... invoked by an orc priest
              (11 damage)
             ... on level 8 of the Dungeon.
             The game lasted 00:19:56 (7817 turns).

Serpenta the Covert (Vampire Chaos Knight)          Turns: 7817, Time: 00:19:56

Health: -2/62      AC:  4    Str: 13    XL:     9   Next: 60%
Magic:  14/14      EV: 15    Int: 17    God:    Xom [*.....]
Gold:   167        SH:  0    Dex: 16    Spells: 8/8 levels left

rFire    . . .     SeeInvis +   a - +1 short sword (chaos)
rCold    + . .     Gourm    .   (no shield)
rNeg     + . .     Faith    .   h - +1 leather armour {rC+}
rPois    .         Spirit   .   (no helmet)
rElec    .         Reflect  .   (no cloak)
rCorr    +         Harm     .   (no gloves)
MR       +....     Clarity  +   (no boots)
Stlth    ++++......             (no amulet)
HPRegen  0.20/turn              i - ring of resist corrosion
MPRegen  0.14/turn              j - ring of protection from magic

@: no status effects
A: fangs 3, see invisible, blink, clarity, clever 1, strong 1, unbreathing,
sturdy frame 1
a: Bat Form, Blink, Renounce Religion


You were on level 8 of the Dungeon.
You worshipped Xom.
You were a special plaything of Xom.
You were not thirsty.

You visited 1 branch of the dungeon, and saw 8 of its levels.
You also visited: Sewer.

You collected 484 gold pieces.
You spent 317 gold pieces at shops.


Innate Abilities, Weirdness & Mutations

You have razor-sharp teeth.
You have supernaturally acute eyesight. (SInv)
You can survive without breathing.
You can translocate small distances at will.
You possess an exceptional clarity of mind.
Your mind is acute. (Int +2)
Your muscles are strong. (Str +2)
Your movements are slightly less encumbered by armour. (ER -2)


   Skills:
 - Level 2.6 Fighting
 - Level 8.2 Short Blades
 - Level 0.7 Armour
 + Level 4.9 Dodging
 - Level 10.4 Stealth
 + Level 7.7 Evocations


You had 8 spell levels left.
You didn't know any spells.

Action                   |  1- 3 |  4- 6 |  7- 9 || total
-------------------------+-------+-------+-------++-------
Melee: Short sword       |   119 |   213 |   354 ||   686
       Bite              |     8 |    18 |    31 ||    57
Evoke: Wand              |       |       |    12 ||    12
  Use: Potion            |     5 |     7 |    14 ||    26
       Scroll            |       |     9 |     4 ||    13
 Stab: Sleeping          |     2 |     7 |    10 ||    19
       Paralysed         |       |     2 |    14 ||    16
       Distracted        |       |     1 |     4 ||     5
       Confused          |       |       |     1 ||     1
Armor: Leather armour    |    47 |    42 |    56 ||   145
Dodge: Dodged            |    88 |   104 |   154 ||   346

Inventory:

Hand Weapons
 a - a +1 short sword of chaos (weapon)
 g - a +0 rapier
Armour
 b - a +2 leather armour
 h - a +1 leather armour of cold resistance (worn)
Jewellery
 i - a ring of resist corrosion (left hand)
 j - a ring of protection from magic (right hand)
Wands
 q - a wand of paralysis (3)
 u - a wand of polymorph (4)
Scrolls
 d - 2 scrolls of enchant weapon
 e - 5 scrolls of amnesia
 f - 5 scrolls of teleportation
 k - 2 scrolls of remove curse
 o - a scroll of fear
 r - a scroll of identify
 t - a scroll of magic mapping {unknown}
 w - 2 scrolls of immolation {unknown}
 x - a scroll of enchant armour {unknown}
 y - a scroll of blinking {unknown}
Potions
 c - 11 potions of blood
 l - a potion of cancellation
 m - 6 potions of flight
 n - 2 potions of heal wounds
 p - a potion of berserk rage
 s - a potion of magic
 v - a potion of brilliance

#####..######.......#
#.## #.....#.# #.#
#.......# #.#
#....#...# #.#
###........# #)#
#......#.... #)#
###.#....###..
#)###†P.P.P.####.#
#@#...P.P....... .
#oo....P.P..PP..
#Z†P..P...P.....
#..PP....P.PP..Z
#.PP..##+#..P.P.
##..P..# ..PP..
#......# .P.P.
#......# ...
#....P.P.P P.


You could see an orc priest, an orc and a water moccasin skeleton.

Vanquished Creatures
  The ghost of Totori the Skirmisher, a novice TeSu (D:6)
  An acid dragon (D:7)
  2 phantoms (D:7)
  2 porcupines (D:8)
  An ogre (D:4)
  2 ice beasts
  A necrophage (D:5)
  A tengu (D:7)
  3 centaurs
  A big kobold (Sewer)
  3 bullfrogs
  A water moccasin zombie (D:7)
  3 scorpions
  3 killer bees (D:7)
  A howler monkey (D:7)
  A centaur zombie (D:6)
  3 crimson imps
  A bullfrog zombie (D:5)
  A quasit (D:8)
  An iron imp (D:7)
  A bullfrog skeleton (D:6)
  2 orc priests
  An iguana (D:8)
  4 orc wizards
  5 worker ants
  2 hound skeletons
  11 gnolls
  A howler monkey skeleton (D:5)
  A river rat (Sewer)
  11 adders
  A shadow imp (D:5)
  2 oozes
  3 adder skeletons
  An adder zombie (D:7)
  4 worms
  2 dart slugs
  8 leopard geckos
  27 orcs
  4 giant cockroaches
  A goblin (D:1)
  9 hobgoblins
  2 jackals (Sewer)
  2 quokkas
  10 bats
  6 frilled lizards
  13 kobolds
  2 quokka skeletons
  14 rats
183 creatures vanquished.

Vanquished Creatures (collateral kills)
  A gnoll (D:5)
  A frilled lizard (D:4)
2 creatures vanquished.

Vanquished Creatures (others)
  A centaur skeleton (D:5)
  7 fungi (D:8)
8 creatures vanquished.

Grand Total: 193 creatures vanquished

Vault maps used:
D:1:      minmay_arrival_three_doors, hex_tiny, minivault_11, minmay_box_of_dots
D:2:      nicolae_overflow_hidden_temple, nrook_uturn, nicolae_ru_path_of_blood
D:3:      portal_sewer_entry_f, grunt_gozag_statues
D:5:      kennysheep_mini, minitemple, serial_shops, nicolae_shop_behind_doors,
          first_ration
D:6:      lemuel_doored_altar, minmay_temple_entry_mist, serial_shops, shop,
          shop, shop_fountains, nicolae_shop_behind_doors
D:7:      slow_altar_1, serial_shops, nicolae_shop_stone
D:8:      grunt_temple_overflow_forces_of_nature,
          grunt_temple_overflow_holy_war, grunt_lair_entry_orc_guard_hut,
          serial_shops, shop, kennysheep_mini_moat
Sewer:    sewer_kobolds


Message History

The orc priest is heavily wounded.
The orc misses you.
You hit the orc priest.
The orc priest is severely wounded.
The orc priest closely misses you.
You barely miss the orc priest.
The orc priest is heavily wounded.
The orc misses you.
The orc priest calls down the wrath of Beogh upon you.
Beogh smites you!
* * * LOW HITPOINT WARNING * * *
You completely miss the orc priest.
The orc priest is heavily wounded.
The orc hits you with a club.
* * * LOW HITPOINT WARNING * * *
You hit the orc priest.
The orc priest is poisoned.
The orc priest is almost dead.
The orc priest mumbles some strange prayers to Beogh against you.
Beogh smites you!
You die...

Notes
Turn   | Place    | Note
-------+----------+-------------------------------------------
     0 | D:1      | Serpenta the Vampire Chaos Knight began the quest for the Orb.
     0 | D:1      | Reached XP level 1. HP: 17/17 MP: 1/1
    73 | D:1      | XOM: divination: detect items
    79 | D:1      | Reached skill level 1 in Stealth
   107 | D:1      | XOM: silly message
   168 | D:1      | Reached XP level 2. HP: 20/23 MP: 2/2
   256 | D:1      | Reached skill level 2 in Stealth
   585 | D:1      | XOM: noise
   758 | D:1      | XOM: harmless Conj miscast
   952 | D:2      | Reached skill level 3 in Stealth
   952 | D:2      | Reached XP level 3. HP: 28/28 MP: 3/3
  1014 | D:2      | XOM: potion effect (heal wounds)
  1036 | D:2      | XOM: smoke on damage
  1120 | D:2      | Reached skill level 4 in Stealth
  1202 | D:2      | Reached XP level 4. HP: 32/34 MP: 4/4
  1638 | D:2      | Found a sacrificial altar of Ru.
  1725 | D:3      | XOM: confuse monster(s)
  1976 | D:3      | Reached skill level 5 in Stealth
  2032 | D:3      | Reached skill level 5 in Short Blades
  2122 | D:3      | XOM: divination: magic mapping
  2129 | D:3      | Found a glowing drain.
  2131 | D:3      | Reached XP level 5. HP: 39/39 MP: 5/5
  2165 | Sewer    | Entered a sewer
  2232 | Sewer    | XOM: polymorph kobold -> frilled lizard
  2254 | Sewer    | Reached skill level 6 in Stealth
  2277 | Sewer    | Found a white marble altar of Elyvilon.
  2512 | D:3      | Found an opulent altar of Gozag.
  2627 | D:4      | Reached XP level 6. HP: 46/46 MP: 6/6
  2662 | D:4      | Reached skill level 7 in Stealth
  2757 | D:4      | XOM: cast spell 'Summon Horrible Things'
  2817 | D:4      | XOM: 3-stop teleportation journey
  3273 | D:4      | XOM: mild Necr miscast
  3438 | D:5      | Entered Level 5 of the Dungeon
  3522 | D:5      | Reached skill level 8 in Stealth
  3522 | D:5      | Reached XP level 7. HP: 51/51 MP: 7/7
  3542 | D:5      | XOM: enchant monster (good)
  3543 | D:5      | XOM: confuse monster(s)
  3780 | D:5      | Reached skill level 9 in Stealth
  3796 | D:5      | XOM: enchant monster (good)
  3819 | D:5      | XOM: enchant monster (good)
  3829 | D:5      | XOM: harmless Pois miscast
  3854 | D:4      | XOM: noise
  3865 | D:4      | XOM: noise
  3998 | D:5      | XOM: enchant monster (good)
  4018 | D:5      | Found Ucuj Qeom's General Store.
  4021 | D:5      | Bought a potion of heal wounds for 50 gold pieces
  4021 | D:5      | Bought a scroll of fear for 35 gold pieces
  4021 | D:5      | Bought a potion of berserk rage for 50 gold pieces
  4119 | D:5      | XOM: noise
  4189 | D:5      | Reached skill level 10 in Stealth
  4189 | D:5      | Reached XP level 8. HP: 54/57 MP: 8/8
  4215 | D:5      | XOM: noise
  4377 | D:5      | Found an ancient bone altar of Kikubaaqudgha.
  4416 | D:6      | Found Loageo Zoduo's Weapon Shop.
  4497 | D:6      | Found Qaciti's General Store.
  4500 | D:6      | Bought a wand of paralysis (11) for 182 gold pieces
  4783 | D:6      | Reached skill level 1 in Evocations
  4935 | D:6      | Found Beavvol's Book Shop.
  5010 | D:6      | Found Tocoal's Food Shop.
  5012 | D:6      | Found a bloodstained altar of Trog.
  5082 | D:6      | XOM: give mutation
  5082 | D:6      | Gained mutation: Your muscles are strong. (Str +2) [Xom's grace]
  5089 | D:6      | Found a staircase to the Ecumenical Temple.
  5293 | D:6      | Noticed Totori's ghost (novice TeSu)
  5482 | D:6      | XOM: summons friendly neqoxec
  5483 | D:6      | XOM: scenery: create altars
  5491 | D:6      | Killed Totori's ghost
  5677 | D:6      | XOM: give mutations
  5677 | D:6      | Gained mutation: Your movements are slightly less encumbered by armour. (ER -2) [Xom's grace]
  5677 | D:6      | Gained mutation: You possess an exceptional clarity of mind. [Xom's grace]
  5677 | D:6      | Gained mutation: You can translocate small distances at will. [Xom's grace]
  5689 | D:6      | Reached skill level 5 in Evocations
  5778 | D:6      | XOM: scenery: 1 doors close
  5810 | D:7      | XOM: stealth player
  5813 | D:7      | XOM: give mutation
  5813 | D:7      | Gained mutation: Your mind is acute. (Int +2) [Xom's grace]
  5877 | D:7      | XOM: summons friendly iron imp
  5993 | D:7      | XOM: enchant monster (good)
  6232 | D:7      | Reached XP level 9. HP: 62/62 MP: 13/13
  6250 | D:7      | Found Aphoshrakku's Gadget Shoppe.
  6281 | D:7      | Found a snail-covered altar of Cheibriados.
  6548 | D:7      | XOM: draining
  6726 | D:7      | XOM: medium Chrm miscast
  7057 | D:7      | XOM: mild Erth miscast
  7345 | D:8      | Found a blossoming altar of Fedhas.
  7352 | D:8      | Found a stormy altar of Qazlal.
  7653 | D:8      | XOM: noise
  7793 | D:8      | XOM: severe Fire miscast
  7817 | D:8      | Killed from afar by an orc priest
